 Dungeon Crawl Stone Soup version 0.32-a0-799-g95e1662365 (webtiles) character file.

Game seed: 10844132315030161143

91 Arex the Trooper (level 4, -18/36 HPs)
             Began as a Demonspawn Fighter on Mar 21, 2024.
             Demolished by an ogre
             ... wielding a +0 giant spiked club
              (25 damage)
             ... on level 3 of the Dungeon.
             The game lasted 00:02:33 (1914 turns).

Arex the Trooper (Demonspawn Fighter)               Turns: 1914, Time: 00:02:33

Health: -18/36     AC:  6    Str: 18    XL:     4   Next: 34%
Magic:  4/4        EV:  8    Int:  9    God:
Gold:   112        SH:  4    Dex: 12    Spells: 3/3 levels left

rFire   . . .        a - +0 war axe
rCold   . . .        c - +0 buckler
rNeg    . . .        b - +0 scale mail
rPois   .            (no helmet)
rElec   .            (no cloak)
rCorr   .            (no gloves)
SInv    .            (no boots)
Will    .....        (no amulet) Stlth
                     (no ring)
HPRegen 0.26/turn    (no ring)
MPRegen 0.09/turn

%: no passive effects
@: wreathed by umbra
A: foul stench 1, foul shadow 1
a: no special abilities


You were on level 3 of the Dungeon.
You visited 1 branch of the dungeon, and saw 3 of its levels.

You collected 112 gold pieces.

Inventory:

Hand Weapons
 a - a +0 war axe (weapon)
Armour
 b - a +0 scale mail (worn)
 c - a +0 buckler (worn)
Scrolls
 g - a scroll of poison {unknown}
 i - a scroll of immolation
 j - a scroll of enchant armour {unknown}
 m - 2 scrolls of fog {unknown}
 n - a scroll of teleportation
Potions
 d - a potion of might
 e - a potion of attraction {unknown}
 f - 3 potions of curing
 h - a potion of berserk rage {unknown}
 k - a potion of mutation {unknown}


   Skills:
 + Level 3.6 Fighting
 + Level 2.5 Axes
 + Level 3.3 Armour
 + Level 3.3 Shields


You had 3 spell levels left.
You didn't know any spells.
Your spell library contained the following spells:

 Spells                   Type           Power      Damage    Failure   Level
 Cigotuvi's Dreadful Rot  Necr/Alch/Air  0%         N/A       94%         2
 Dispel Undead            Necr           0%         3d6       100%        4
 Martyr's Knell           Necr/Summ      0%         N/A       100%        4


Dungeon Overview and Level Annotations

Branches:
Dungeon (3/15)

Altars:


Innate Abilities, Weirdness & Mutations

You may rarely emit foul miasma when damaged in melee.
You are faintly shadowed, very rarely releasing foul flame when damaged in melee.


Message History

The rat squeaks loudly.
You block the ogre's attack.
You barely miss the ogre. You block the ogre's attack.
You slash the ogre!
The ogre is moderately wounded.
You hit the ogre but do no damage.
The ogre is moderately wounded.
The ogre hits you with a +0 giant spiked club!
You are too injured to fight recklessly!
You are too injured to fight recklessly!
You are too injured to fight recklessly!
You are too injured to fight recklessly!
You are too injured to fight recklessly!
You are too injured to fight recklessly!
You are too injured to fight recklessly!
You are too injured to fight recklessly!
You are too injured to fight recklessly!
You are too injured to fight recklessly!
You are too injured to fight recklessly!
You are too injured to fight recklessly!
You are too injured to fight recklessly!
You are too injured to fight recklessly!
You are too injured to fight recklessly!
You are too injured to fight recklessly!
You hit the ogre.
The ogre is heavily wounded.
The ogre hits you with a +0 giant spiked club!!
Ouch! That really hurt!
* * * LOW HITPOINT WARNING * * *
The rat bites you but does no damage.
A kobold comes into view. It is wielding a +0 dagger.
The kobold shouts!
The ogre attacks as it pursues you! You block the ogre's attack.
You slash the ogre!
The ogre is almost dead.
You hit the rat.
You kill the rat!
The ogre hits you with a +0 giant spiked club!!
Ouch! That really hurt!
You die...

#.#....... ........
##...♣.... ... .....#
#..♣....+ #....
#..♣...P# +....P♣.
#...♣...####....♣.♣ .
♣..O†...P...♣.♣♣ ♣.
♣.♣@.........♣.♣♣♣.P
♣......P..P.♣.♣P♣.♣
#♣...........♣.♣P♣♣
♣...#.##...♣P♣.♣.♣♣
♣..#......♣.♣§♣†♣.♣
......♣♣....P.♣♣♣.♣§♣.♣P
.#.##.♣.♣...P♣P♣♣♣§♣§♣.♣
#.♣.....♣...♣♣♣§♣§♣.
#..♣....P♣♣.♣P.♣#♣##


You could see an ogre.

Vanquished Creatures
  3 adders
  A ribbon worm (D:2)
  3 dart slugs (D:2)
  4 ball pythons
  6 bats
  7 endoplasms
  5 giant cockroaches
  6 goblins
  3 hobgoblins (D:1)
  2 quokkas
  2 frilled lizards
  4 kobolds
  5 rats
51 creatures vanquished.

Notes
Turn   | Place    | Note
-------+----------+-------------------------------------------
     0 | D:1      | Arex the Demonspawn Fighter began the quest for the Orb.
     0 | D:1      | Reached XP level 1. HP: 18/18 MP: 1/1
    96 | D:1      | Gained mutation: You are faintly shadowed, very rarely
                  | releasing foul flame when damaged in melee. [demonic
                  | ancestry]
    96 | D:1      | Reached XP level 2. HP: 22/24 MP: 2/2
   821 | D:2      | Reached XP level 3. HP: 29/29 MP: 3/3
  1268 | D:2      | Gained mutation: You may rarely emit foul miasma when
                  | damaged in melee. [demonic ancestry]
  1268 | D:2      | Reached XP level 4. HP: 32/35 MP: 4/4
  1906 | D:3      | Noticed an ogre
  1914 | D:3      | Demolished by an ogre

Illustrated notes

Levels and vault maps discovered:
D:1:      spicycebolla_arrival_transporter_tutorial, layout_basic
D:2:      layout_loops_corners, minivault_5, minmay_worlds_worst_comb
D:3:      wad_woods_settlement, layout_basic, minmay_lizard_king

Skill      XL: |  1  2 |
---------------+-------+-----
Axes           | 2 |  2.5
Shields        | 3 |  3.3
Armour         | 3 |  3.3
Fighting       | |  3.6

Action                     |  1- 3 |  4- 6 || total
---------------------------+-------+-------++-------
  Melee: War axe           |   116 |    29 ||   145
    Use: Scroll            |       |     3 ||     3
 Armour: Scale mail        |    88 |    29 ||   117
  Dodge: Dodged            |    50 |    11 ||    61
  Block: Buckler           |    24 |     6 ||    30

Table legend: (Time is in decaauts)
 A = Elapsed time spent in this place.
 B = Non-inter-level travel time spent in this place.
 C = Inter-level travel time spent in this place.
 D = Time resting spent in this place.
 E = Time spent auto-exploring this place.
 F = Levels seen in this place.
 G = Mean time per level.
                   A        B        C        D        E       F      G
               +--------+--------+--------+--------+--------+-----+--------+
         Total |   1976 |   1948 |     28 |      0 |   1559 |   3 |  658.7 |
       Dungeon |   1976 |   1948 |     28 |      0 |   1559 |   3 |  658.7 |
               +--------+--------+--------+--------+--------+-----+--------+

Top non-repeatable levels by time:
     D:2: 1117 daAuts
     D:1: 808 daAuts
     D:3: 50 daAuts
